Cogmind - Beta 16.1 @@@ ROGUE MODE // 2026.02.24 @ 10:51:26 Player: Gatamar Result: Destroyed by G-47 Trooper with Particle Gun Performance ------------- Evolutions (0) 0 Regions Visited (2) 400 Robots Destroyed (15) 75 Value Destroyed (454) 454 Prototype IDs (0) 0 Alien Tech Used (0) 0 Bonus (0) 0 TOTAL SCORE: 929 Bonus ------- None Cogmind --------- Core Integrity 0/250 Matter 300/300 Energy 242/250 System Corruption 0% Temperature Cool (18) Movement Walking (190) Ox1 Location -10/Mines Parts ------- > --- POWER (1) -------- Ion Engine > --- PROPULSION (2) --- Aluminum Leg Aluminum Leg > --- UTILITY (2) ------ Large Storage Unit Signal Interpreter > --- WEAPON (2) ------- Small Laser Mining Claw > --- INVENTORY (15) --- Ion Engine Ion Engine Light Treads Aluminum Leg Aluminum Leg Experimental Sensor Array Rocket Launcher Mining Laser Plasma Cutter Peak State ------------ > --- POWER ------------ Light Nuclear Core > --- PROPULSION ------- Light Treads Light Treads > --- UTILITY ---------- Small Storage Unit Signal Interpreter > --- WEAPON ----------- Assault Rifle Assault Rifle > --- INVENTORY -------- Ion Engine Aluminum Leg Aluminum Leg Light Assault Rifle Mining Laser Plasma Cutter [Rating: 9] Favorites ----------- Power Ion Engine Engine Ion Engine Power Core Light Nuclear Core Propulsion Aluminum Leg Treads Light Treads Leg Aluminum Leg Utility Signal Interpreter Storage Small Storage Unit Processor Signal Interpreter Weapon Assault Rifle Energy Gun Small Laser Ballistic Gun Assault Rifle Special Weapon Mining Laser Slashing Weapon Mining Claw Build | -11 -10 -10 ------- Run | Yrd Mat Min Slots Evolved . | . . . Power . | . . . Propulsion . | . . . Utility . | . . . Weapon . | . . . Parts Attached 19 | 6 10 3 Power 3 | 1 2 . Engine 2 | 1 1 . Core 1 | . 1 . Reactor . | . . . Propulsion 6 | 2 3 1 Treads 2 | 2 . . Leg 4 | . 3 1 Wheel . | . . . Hover . | . . . Flight . | . . . Utility 3 | 1 1 1 Device . | . . . Storage 2 | 1 . 1 Processor 1 | . 1 . Hackware . | . . . Protection . | . . . Artifact . | . . . Weapon 7 | 2 4 1 Energy Gun 1 | . 1 . Energy Cannon . | . . . Ballistic Gun 3 | 2 1 . Ballistic Cannon . | . . . Launcher . | . . . Special Weapon 2 | . 2 . Impact Weapon . | . . . Slashing Weapon 1 | . . 1 Piercing Weapon . | . . . Special Melee Weapon . | . . . Unidentified Prototypes . | . . . Parts Lost 6 | . 5 1 Power 2 | . 2 . Propulsion 1 | . 1 . Utility . | . . . Weapon 3 | . 2 1 Highest Loss Streak 5 | . 5 1 To Critical Strikes . | . . . Average Backups 6 | 1 4 8 Power 1 | . 1 2 Propulsion 2 | . 1 2 Utility . | . . . Weapon 1 | . 1 1 Tool/Special . | . . . Unused Backups 5 | . 1 4 Power 2 | . . 2 Propulsion . | . . . Utility 1 | . . 1 Weapon 2 | . 1 1 Tool/Special . | . . . Average Slot Usage (%) 98 | . 97 99 Engine 13 | . 12 14 Treads 9 | . 24 . Leg 17 | . 3 28 Storage 14 | . 14 14 Processor 13 | . 13 14 Energy Gun 8 | . . 14 Ballistic Gun 12 | . 22 4 Special Weapon 1 | . 3 . Slashing Weapon 5 | . . 8 Peak Build Rating 9 | 6 9 8 Average Rating 7 | 4 6 7 On Entrance 4 | . 6 7 Avg Prop Armor Cover (%) . | . . . Naked Turns . | . . . Heaviest Build 28 | 14 14 28 Greatest Support 40 | 40 40 20 Greatest Overweight (x) 1 | . . 1 Average Overweight (x) . | . . . Largest Inventory Capacity 15 | 8 8 15 Average Capacity 10 | 6 8 12 Most Carried 9 | 4 6 9 Average Carried 6 | 1 4 8 Final Capacity 15 | 8 8 15 Final Carried 9 | 4 6 9 Class Distribution -------------------- 100% | Mutant Dominant Class ---------------- Mutant | -10/Materials Mutant | -10/Mines Resources | -11 -10 -10 ----------- Run | Yrd Mat Min Matter Collected 634 | 184 363 87 Remotely . | . . . Salvage Created 518 | . 428 90 Parts 37 | . 32 5 Haulers Intercepted . | . . . Recyclers Shooed . | . . . Parts Field Recycled . | . . . Retrieved Matter . | . . . Parts Self-Destructed . | . . . Prevented . | . . . Parts Restored . | . . . Kills | -11 -10 -10 ------- Run | Yrd Mat Min Combat Hostiles Destroyed 14 | . 12 2 Guns 14 | . 12 2 Classes Destroyed 3 | . 3 . Worker 1 | . 1 . Swarmer 3 | . 3 . Grunt 11 | . 9 2 Best Kill Streak 4 | . 4 1 Combat Bots Only 4 | . 4 1 Max Kills in Single Turn 1 | . 1 1 Gunslinging . | . . . Exploded . | . . . Melee . | . . . Uniques/NPCs Destroyed . | . . . Combat | -11 -10 -10 -------- Run | Yrd Mat Min Hostile Shots Fired 134 | . 107 27 Missed 30 | . 19 11 Hits 104 | . 88 16 Projectile 104 | . 88 16 Critical Strikes 1 | . . 1 Damage Taken 1194 | . 974 220 Core 255 | . 198 57 Absorbed by Shields . | . . . Core Remaining (%) 100 | 100 . . Volleys Fired 80 | . 64 16 Largest 2 | . 2 2 Hottest 100 | . 100 60 Shots Fired 124 | . 106 18 Gun 115 | . 97 18 Cannon . | . . . Launcher . | . . . Special 9 | . 9 . Kinetic 98 | . 96 2 Thermal 26 | . 10 16 Explosive . | . . . Electromagnetic . | . . . Robot Hit Streak 13 | . 13 11 Robot Miss Streak 6 | . 6 1 Penetration Max . | . . . Secondary Targets 1 | . 1 . Max Gunslinging Chain 1 | . 1 . Shots Hit Robots 73 | . 58 15 Core Hits 28 | . 23 5 Critical Kills . | . . . Critical Parts Destroyed . | . . . Critical Strikes . | . . . Melee Attacks 1 | . . 1 Impact . | . . . Slashing 1 | . . 1 Piercing . | . . . Sneak Attacks 1 | . . 1 Combat Hostiles . | . . . Follow-up Attacks . | . . . Damage Inflicted 877 | . 679 198 Guns 822 | . 671 151 Cannons . | . . . Explosions . | . . . Melee 47 | . . 47 Ramming 8 | . 8 . Kinetic 670 | . 661 9 Thermal 152 | . 10 142 Explosive . | . . . Electromagnetic . | . . . Impact . | . . . Slashing 47 | . . 47 Piercing . | . . . Highest Corruption . | . . . Average Corruption . | . . . Corruption Purged . | . . . Corruption Blocked . | . . . Overload Shots . | . . . Overflow Damage 7 | . . 7 Projectiles . | . . . Explosions . | . . . Melee 7 | . . 7 Knockbacks 1 | . 1 . Impact 1 | . 1 . Kinetic . | . . . Secondary . | . . . Self-Inflicted Damage . | . . . Shots . | . . . Rammed 1 | . 1 . Targets Rammed 1 | . 1 . Kicked . | . . . Crushed . | . . . Highest Temperature 32 | . 22 32 Average Temperature 8 | . 5 14 Received Heat Transfer 591 | . 444 147 Siege Activations . | . . . Martial Activations . | . . . Shielding Activations . | . . . Robots Disrupted . | . . . Combat Hostiles . | . . . Robots Corrupted . | . . . Combat Hostiles . | . . . Parts Fried . | . . . Impact Corruptions . | . . . Robots Melted . | . . . Combat Hostiles . | . . . Parts Melted . | . . . Heat Transferred 350 | . 25 325 Parts Sabotaged . | . . . Parts Stolen . | . . . Parts Stripped . | . . . Power Chain Reactions . | . . . Alert | -11 -10 -10 ------- Run | Yrd Mat Min Maximum Alert Level . | . . . Low Security (%) 100 | 100 100 100 Level 1 . | . . . Level 2 . | . . . Level 3 . | . . . Level 4 . | . . . Level 5 . | . . . High Security . | . . . Max Security . | . . . Peak Influence 110 | . 110 37 Initial 36 | . . 36 Average 11 | . 22 4 Influence Increases 387 | . 322 65 Destroy 0b10 Robot/C 280 | . 240 40 Destroy 0b10 Robot/NC 5 | . 5 . Destroy Leader 70 | . 60 10 Disable Machine 15 | . 15 . Destroy Structure 2 | . 2 . Lose Combat Pursuer 15 | . . 15 Influence Decreases 387 | . 228 159 Entered New Map 58 | . . 58 Time Decay 279 | . 178 101 Lost Part 50 | . 50 . Squads Dispatched 3 | . 3 . Investigation 3 | . 3 . Extermination . | . . . Reinforcement . | . . . Assault . | . . . Garrison . | . . . Intercept . | . . . Searches Triggered . | . . . Construction Impeded . | . . . Haulers Reinforced . | . . . Active Scanning Responses . | . . . Cargo Convoy Interrupts . | . . . Stealth | -11 -10 -10 --------- Run | Yrd Mat Min Distress Signals 2 | . 2 . Communications Jammed . | . . . Distress Signals . | . . . Times Spotted 25 | . 20 5 Peak Tracking Total 5 | . 5 2 Tactical Retreats 1 | . . 1 Traps | -11 -10 -10 ------- Run | Yrd Mat Min Traps Triggered 4 | . 4 . Indirectly . | . . . Trap Hack Attempts . | . . . Triggered . | . . . Disarmed . | . . . Reprogrammed . | . . . Reused . | . . . Traps Extracted . | . . . Installed . | . . . Triggered . | . . . Machines | -11 -10 -10 ---------- Run | Yrd Mat Min Machines Disabled 1 | . 1 . Max in Single Turn 1 | . 1 . Machines Repaired . | . . . Machines Dismantled 1 | . 1 . Machines Sabotaged . | . . . Overloaded Fab Kills . | . . . Hacking | -11 -10 -10 --------- Run | Yrd Mat Min Machines Accessed 2 | . 2 . Terminals 1 | . 1 . Fabricators . | . . . Repair Stations . | . . . Recycling Units 1 | . 1 . Scanalyzers . | . . . Garrison Access . | . . . Total Hacks 2 | . 2 . Successful 2 | . 2 . Failed . | . . . Catastrophic . | . . . Database Lockouts . | . . . Manual . | . . . Terminals 1 | . 1 . Fabricators . | . . . Repair Stations . | . . . Recycling Units 1 | . 1 . Scanalyzers . | . . . Garrison Access . | . . . Terminal Hacks 1 | . 1 . Zone Layout 1 | . 1 . Fabricator Hacks . | . . . Repair Station Hacks . | . . . Recycling Unit Hacks 1 | . 1 . Report Inventory 1 | . 1 . Scanalyzer . | . . . Garrison Access Hacks . | . . . Unauthorized Hacks . | . . . Terminals . | . . . Fabricators . | . . . Repair Stations . | . . . Recycling Units . | . . . Scanalyzers . | . . . Garrison Access . | . . . Data Cores Recovered . | . . . Used . | . . . Hacking Detections . | . . . Full Trace Events . | . . . Feedback Events . | . . . Feedback Blocked . | . . . Robot Schematics Acquired . | . . . Robots Built . | . . . Authchips . | . . . Time . | . . . Total Robot Build Rating . | . . . Part Schematics Acquired . | . . . Parts Built . | . . . Authchips . | . . . Time . | . . . Total Part Build Rating . | . . . Part Studies Acquired . | . . . Parts Repaired . | . . . Time . | . . . Parts Recycled . | . . . Recycled Matter . | . . . Retrieved Matter . | . . . Retrieved Components . | . . . Parts Scanalyzed . | . . . Part Schematics Acquired . | . . . Parts Damaged . | . . . Bothacking | -11 -10 -10 ------------ Run | Yrd Mat Min Used RIF Installer . | . . . Robots Hacked . | . . . Non-combat . | . . . Combat . | . . . Robot Hacks Applied . | . . . Relay Couplers Released . | . . . Fabnet Peak Effective % . | . . . Robots Rewired . | . . . Allies Hacked . | . . . Hacks Repelled . | . . . Allies | -11 -10 -10 -------- Run | Yrd Mat Min Total Allies . | . . . Largest Group . | . . . Highest-Rated Group . | . . . Highest-Rated Ally . | . . . Total Orders . | . . . Ally Attacks . | . . . Total Damage . | . . . Kills . | . . . Allies Corrupted . | . . . Allies Melted . | . . . Intel | -11 -10 -10 ------- Run | Yrd Mat Min Active Infowar (turns) . | . . . Robot Analysis Total . | . . . Derelict Logs Recovered 1 | . . 1 Drone Launches . | . . . Drone Recoveries . | . . . Exploration | -11 -10 -10 ------------- Run | Yrd Mat Min Turns Passed 1811 | 68 719 1024 Spaces Moved 961 | 36 316 609 Core 2 | 2 . . Treads 308 | 34 274 . Legs 651 | . 42 609 Wheels . | . . . Hover . | . . . Flight . | . . . Fastest Speed 50 | 50 120 120 Average Speed 157 | 153 154 158 Slowest Speed 190 | 160 160 190 Overloaded Moves . | . . . Propulsion Burnouts . | . . . Robots Hopped . | . . . Potential Cave-ins . | . . . Cave-ins Triggered . | . . . Exploration Rate (%) 48 | 3 45 96 Regions Visited 2 Branch Regions 1 Pre-discovered Areas . | . . . Known Exits Taken 1 | . 1 . Unknown Exits Taken 1 | 1 . . Scrap Searched 1 | . . 1 Spaces Dug 2 | . 2 . Terrain Destroyed 2 | . 2 . Melee . | . . . Projectile 2 | . 2 . AOE . | . . . Terrain Rammed . | . . . Walls Destroyed . | . . . Machines Disabled . | . . . Actions | -11 -10 -10 --------- Run | Yrd Mat Min Total 1116 | 47 422 647 Wait 36 | . 21 15 Move 959 | 35 315 609 Hop . | . . . Pick Up 13 | 6 5 2 Fast Attach 9 | 4 4 1 Attach 5 | 2 3 . Detach . | . . . Swap 7 | . 5 2 Drop 2 | . 1 1 Fire 80 | . 64 16 Melee 1 | . . 1 Ram . | . . . Kick . | . . . Crush 1 | . 1 . Escape Stasis . | . . . Rewire . | . . . Trap . | . . . Miscellaneous 3 | . 3 . Route ------- -11/Scrapyard -10/Materials -10/Mines (discovered 1 exit: *Mat) History --------- Turn | Location | Event 44 | -11/Scrapyard | Discovered new exit (range 16) 69 | -11/Scrapyard | Entered Materials 315 | -10/Materials | Build established: Mutant 667 | -10/Materials | Discovered new exit (range 8) 699 | -10/Materials | Core integrity fell below 50% 738 | -10/Materials | Lost 5 parts (2p1n2w) 782 | -10/Materials | Identified exit to Mines 788 | -10/Materials | Entered Mines 801 | -10/Mines | Received a Rocket Launcher from a helpful Derelict 824 | -10/Mines | Learned location of 1 exit from Materials 1027 | -10/Mines | Found a damaged Exp. Sensor Array with a note attached 1029 | -10/Mines | Found Prototype Device 1178 | -10/Mines | Core integrity fell below 20% 1409 | -10/Mines | Discovered new exit (range 11) 1429 | -10/Mines | Identified exit to Materials 1812 | -10/Mines | Destroyed by G-47 Trooper with Particle Gun Last Messages --------------- 01144_ G-34 Mercenary destroyed. 01158_ Acquired 7 matter. 01167_ Acquired 10 matter. 01185_ Acquired Mining Claw. 01192_ G-47 Trooper heat short circuits Particle Gun. 01196_ G-47 Trooper destroyed. 01204_ Acquired 10 matter. 01215_ R-06 Scavenger collects Lgt. Nuclear Core. 01223_ R-06 Scavenger collects Sml. Storage Unit. 01229_ R-06 Scavenger collects Heat Sink. 01409_ EXIT=FOUND 01415_ Sneak attack on K-01 Serf. 01415_ Destroyed Wheel. 01429_ EXIT=IDENTIFIED: MATERIALS 01781_ Critical hit (Burn: +37). 01785_ T-07 Excavator destroyed. 01792_ K-01 Serf collects debris. Map ----- +----------------------------------------------------+ | ?## #??## ## ##??# #?? | | ??# ##???### ####### #?# #? | | ??## ######## #????## #?# #? | | ???## #???## #?# ##? | | ????### #???# ##?## ##?? | | ??????## ##########???# #???####??? | | ??????## ##??????????## ##????????? | | ??????# ##??????????## ##???????? | | #?????# #???????????## #???????? | | ##????# ##???????????## #???????? | | #???## ## #????????????## ##???????? | | ##### #### #?????????????# #????????? | | #### #?????????????# #????????? | | # ## #?????????????# #????????? | | ## #?????????????# #????????? | | ?#### """ #?????????????# #????????? | | ????## """ #?????????????# #????????? | | ????## """ ##?????????????# #????????? | | ???## #??????????????# #????????? | | ???# #????????####### #????????? | | ???# #????????# #????????? | | ???## ## #????????# #????????? | | ?#### ## ##???????# ##### #????????? | | ?# ## ##??????# #?### #????????? | | ?# ##### ##?????# ### ###??????? | | ?# #???### #?????# @## ##?????? | | ?# ####??## #?????# ## ####??? | | ## ##??# #????## ### #??? | | #??# ##???## ### ##??? | | #??# ##????# gg## ##???? | | #??#####?????# ##????? | | ##????????????# #?????? | | ##?????????????# #### ##?????? | | #??????????????## ##??## ###??????? | | ##??????????????###????# #????????? | | """ ##??????????????????### #????????? | | """ #??????????????????# #????????? | | """ #??????????????????# #????????? | | ##?????????????????## ###????????? | | ## #????????????????### #??????????? | | ?# ##???????????????## #??????????? | | ?# ###???????????????## ##?????????? | | ?# #?????????????????# #?????????? | | ?# #?????????????????# |%! #?????????? | | ## #?????????????????## = #?????????? | | ## #??????????????????## ###?????????? | | ## #?????????####??????### ##???????????? | | #????????## ##???????# #????????????? | | #???????## #???????# #????????????? | | ####???????# #???????# #????????????? | +----------------------------------------------------+ Best States ------------- Heat Dissipation 25 Energy Generation 14 Energy Capacity 250 Matter Stores 300 Matter Capacity 300 Sight Range 16 Terrain Scan Density 10 Evasion (%) 55 Recoil Reduction 2 Item Schematics ----------------- None Robot Schematics ------------------ None Fabricated ------------ Nothing Repaired ---------- Nothing Studied --------- None Alien Tech Used ----------------- None Achievements -------------- None Challenges ------------ None Game ------ Seed NeutronCoolantNukerbomber Manual? 0 Play Time 00:10:39 Cumulative 23.9 hours Start 2026.02.19 @ 06:00:27 End 2026.02.24 @ 10:51:26 Sessions 3 Manual Loads 0 Difficulty Rogue Special Mode None Game No. 62 Rogue 62 Adventurer 0 Explorer 0 Win Type - Total 0 Types 0/0/0/0/0/0/0/0/0/0 Lore% 22 Gallery% 25 Achievement% 19 Wizard Run 0 Options --------- Layout 1 ASCII 0 Keyboard 0 Movement Numpad Keybinds 0 Fullscreen 1 Font 32/SmallcapsGlow Map View 50x35 Zoom Use 0% Tactical HUD 1 Map Filters NONE Filters NONE Steam 1 RUN: deb9311b-f7e6-48ac-8a17-16c16213e3b2